 Dungeon Crawl Stone Soup version 0.22.0-49-gab54619674 (webtiles) character file.

145 JedernureinKreuz the Conjurer (level 5, 0/37 HPs)
             Began as a Gnoll Conjurer on Sept 8, 2018.
             Slain by a shadow imp (2 damage)
             ... summoned by Natasha
             ... on level 3 of the Dungeon.
             The game lasted 00:08:42 (1467 turns).

JedernureinKreuz the Conjurer (Gnoll Conjurer)      Turns: 1467, Time: 00:08:44

Health: 0/37       AC:  3    Str: 11    XL:     5   Next: 27%
Magic:  0/12       EV: 15    Int: 18    God:
Gold:   160        SH:  0    Dex: 15    Spells: 13/14 levels left

rFire    . . .     SeeInvis +   b - +0 short sword
rCold    + . .     Gourm    .   (no shield)
rNeg     . . .     Faith    .   a - +0 robe
rPois    .         Spirit   .   (no helmet)
rElec    .         Reflect  .   (no cloak)
rCorr    .         Harm     .   v - +0 pair of gloves
MR       .....                  (no boots)
Stlth    +++.......             (no amulet)
HPRegen  0.12/turn              o - ring of protection from cold
MPRegen  0.13/turn              n - ring of see invisible

@: slowed, very slow
A: distributed training, fangs 1, strong nose
a: no special abilities


You were on level 3 of the Dungeon.
You were hungry.

You visited 1 branch of the dungeon, and saw 3 of its levels.

You collected 160 gold pieces.

Inventory:

Hand Weapons
 b - a +0 short sword (weapon)
 i - a +0 hunting sling
 q - a +0 war axe
 u - a +0 spear
Missiles
 g - 38 bolts
 j - 27 arrows
 k - 85 stones
 y - 6 javelins (quivered)
Armour
 a - a +0 robe (worn)
 e - a +0 plate armour
 f - a +0 robe
 v - a +0 pair of gloves (worn)
Jewellery
 n - a ring of see invisible (right hand)
 o - a ring of protection from cold (left hand)
 t - a +2 ring of strength {unknown}
Scrolls
 l - a scroll of immolation {unknown}
 m - 5 scrolls of identify
 p - 2 scrolls of remove curse
 s - a scroll of amnesia
 x - a scroll of blinking {unknown}
Potions
 d - a potion of degeneration
 h - a potion of berserk rage {unknown}
 r - a potion of brilliance {unknown}
 w - 2 potions of curing {unknown}
 z - a potion of heal wounds {unknown}
 A - 2 potions of mutation {unknown}
Comestibles
 c - 5 rations


   Skills:
 + Level 1.4 Fighting
 + Level 1.4 Short Blades
 + Level 1.4 Long Blades
 + Level 1.4 Axes
 + Level 1.4 Maces & Flails
 + Level 1.4 Polearms
 + Level 1.4 Staves
 + Level 1.4 Slings
 + Level 1.4 Bows
 + Level 1.4 Crossbows
 + Level 1.4 Throwing
 + Level 1.4 Armour
 + Level 4.7 Dodging
 + Level 4.3 Stealth
 + Level 1.4 Shields
 + Level 1.4 Unarmed Combat
 + Level 5.1 Spellcasting
 + Level 7.2 Conjurations
 + Level 1.1 Hexes
 + Level 1.1 Charms
 + Level 1.1 Summonings
 + Level 1.1 Necromancy
 + Level 1.1 Translocations
 + Level 1.1 Transmutations
 + Level 1.1 Fire Magic
 + Level 1.1 Ice Magic
 + Level 1.1 Air Magic
 + Level 1.1 Earth Magic
 + Level 1.1 Poison Magic
 + Level 1.5 Invocations
 + Level 1.4 Evocations


You had 13 spell levels left.
You knew the following spells:

 Your Spells              Type           Power        Failure   Level  Hunger
a - Magic Dart            Conj           ####         1%          1    None

Your spell library contained the following spells:

 Spells                   Type           Power        Failure   Level  Hunger
 Searing Ray              Conj           ####..       1%          2    #......
 Dazzling Spray           Conj/Hex       ###...       7%          3    ##.....
 Iskenderun's Mystic Bla  Conj           ####....     7%          4    ####...
 Force Lance              Conj/Tloc      ###.....     24%         4    ####...
 Fulminant Prism          Conj/Hex       ###.......   24%         4    ####...


Dungeon Overview and Level Annotations

Branches:
Dungeon (3/15)

Altars:
Ashenzari
Cheibriados

Annotations:
D:3 Natasha


Innate Abilities, Weirdness & Mutations

Your experience applies equally to all skills.
You have very sharp teeth.
Your uncanny sense of smell can sniff out nearby items.


Message History

Confirm with . or Enter, or press ? or * to list all spells.
Aiming: Magic Dart (safe; 1% risk of failure)
Press: ? - help, Shift-Dir - straight line, f/p - Natasha
Aim: Natasha (severely wounded)
The magic dart hits Natasha.
Natasha is severely wounded.
Natasha completely misses you.
The shadow imp hits you but does no damage.
Natasha casts a spell at you. The magic dart hits you!
* * * LOW HITPOINT WARNING * * *
Casting: Magic Dart (safe; 1% risk of failure)
Confirm with . or Enter, or press ? or * to list all spells.
Aiming: Magic Dart (safe; 1% risk of failure)
Press: ? - help, Shift-Dir - straight line, f/p - Natasha
Aim: Natasha (severely wounded)
The magic dart hits Natasha.
Natasha is almost dead.
The shadow imp hits you.
You die...

#.# #... #.#
#..# #.# #..#
#.# #..#
#.####..##
##........#
#...####..†#
#.h..........#
#.@5####...###
###.# #.... #.#
..### #.# #..#
#.# #..# #.#
#..# #.#
#..###### #.#
#.......
#.#####..###.##


You could see Natasha and a shadow imp.

Vanquished Creatures
  Jessica (D:2)
  Natasha (twice) (D:3)
  An adder (D:3)
  3 oozes
  A worm (D:2)
  2 leopard geckos
  2 ball pythons
  5 bats
  4 giant cockroaches
  5 goblins
  7 hobgoblins
  2 jackals (D:3)
  2 frilled lizards
  3 kobolds
  2 rats
42 creatures vanquished.

Notes
Turn   | Place    | Note
-------+----------+-------------------------------------------
     0 | D:1      | JedernureinKreuz the Gnoll Conjurer began the quest for the
                  | Orb.
     0 | D:1      | Reached XP level 1. HP: 13/13 MP: 6/6
   177 | D:1      | Reached XP level 2. HP: 19/19 MP: 4/7
   432 | D:1      | Reached skill level 5 in Spellcasting
   432 | D:1      | Reached XP level 3. HP: 25/25 MP: 0/9
   587 | D:2      | Found a snail-covered altar of Cheibriados.
   663 | D:2      | Noticed Jessica
   669 | D:2      | Killed Jessica
   669 | D:2      | Reached skill level 1 in Fighting
   669 | D:2      | Reached skill level 1 in Short Blades
   669 | D:2      | Reached skill level 1 in Long Blades
   669 | D:2      | Reached skill level 1 in Axes
   669 | D:2      | Reached skill level 1 in Maces & Flails
   669 | D:2      | Reached skill level 1 in Polearms
   669 | D:2      | Reached skill level 1 in Staves
   669 | D:2      | Reached skill level 1 in Slings
   669 | D:2      | Reached skill level 1 in Bows
   669 | D:2      | Reached skill level 1 in Crossbows
   669 | D:2      | Reached skill level 1 in Throwing
   669 | D:2      | Reached skill level 1 in Armour
   669 | D:2      | Reached skill level 1 in Shields
   669 | D:2      | Reached skill level 1 in Unarmed Combat
   669 | D:2      | Reached skill level 1 in Invocations
   669 | D:2      | Reached skill level 1 in Evocations
   669 | D:2      | Reached XP level 4. HP: 32/32 MP: 4/11
  1060 | D:2      | Found a shattered altar of Ashenzari.
  1342 | D:3      | Noticed Natasha
  1346 | D:3      | Killed Natasha
  1346 | D:3      | Reached skill level 1 in Hexes
  1346 | D:3      | Reached skill level 1 in Charms
  1346 | D:3      | Reached skill level 1 in Summonings
  1346 | D:3      | Reached skill level 1 in Necromancy
  1346 | D:3      | Reached skill level 1 in Translocations
  1346 | D:3      | Reached skill level 1 in Transmutations
  1346 | D:3      | Reached skill level 1 in Fire Magic
  1346 | D:3      | Reached skill level 1 in Ice Magic
  1346 | D:3      | Reached skill level 1 in Air Magic
  1346 | D:3      | Reached skill level 1 in Earth Magic
  1346 | D:3      | Reached skill level 1 in Poison Magic
  1346 | D:3      | Reached XP level 5. HP: 34/37 MP: 5/12
  1444 | D:3      | Noticed Natasha
  1448 | D:3      | Killed Natasha
  1452 | D:3      | Noticed Natasha
  1466 | D:3      | HP: 1/37 [Natasha/magic dart (6)]
  1467 | D:3      | Slain by a shadow imp

Skill      XL: |  1  2  3  4 |
---------------+-------------+-----
Spellcasting   | 5 |  5.1
Fighting       | 1 |  1.4
Short Blades   | 1 |  1.4
Long Blades    | 1 |  1.4
Axes           | 1 |  1.4
Maces & Flails | 1 |  1.4
Polearms       | 1 |  1.4
Staves         | 1 |  1.4
Slings         | 1 |  1.4
Bows           | 1 |  1.4
Crossbows      | 1 |  1.4
Throwing       | 1 |  1.4
Armour         | 1 |  1.4
Shields        | 1 |  1.4
Unarmed Combat | 1 |  1.4
Invocations    | 1 |  1.5
Evocations     | 1 |  1.4
Hexes          | 1 |  1.1
Charms         | 1 |  1.1
Summonings     | 1 |  1.1
Necromancy     | 1 |  1.1
Translocations | 1 |  1.1
Transmutations | 1 |  1.1
Fire Magic     | 1 |  1.1
Ice Magic      | 1 |  1.1
Air Magic      | 1 |  1.1
Earth Magic    | 1 |  1.1
Poison Magic   | 1 |  1.1
Dodging        | |  4.7
Stealth        | |  4.3
Conjurations   | |  7.2

Action                   |  1- 3 |  4- 6 || total
-------------------------+-------+-------++-------
Melee: Short sword       |     4 |     9 ||    13
Throw: Javelin           |       |     3 ||     3
 Cast: Magic Dart        |    31 |    41 ||    72
  Use: Scroll            |     5 |       ||     5
 Stab: Sleeping          |     2 |     3 ||     5
  Eat: Chunk             |       |     1 ||     1
Armor: Robe              |     2 |     4 ||     6
Dodge: Dodged            |     4 |    12 ||    16
